Map: Dusk Towers

Players

AcerBly (Bly)

  • Race: Zerg Zerg
  • League: Grandmaster

MinChul (MC) - Winner!

  • Race: Protoss Protoss

Event: Homestory Cup XII

VOD

Have the link to the VOD?

Description

Time

  • Played on: Dec. 18, 2015, 8:37 a.m.
  • Length: 12:03

All games in this series

Show
View Real Time Build Order
Export as new Build Order

AcerBly Zerg 

Build Orders: Hatch First, Lurkers 

Get SALT Encoding   

  12  0:01  Drone  
  13  0:13  Overlord  
  13  0:17  Drone  
  14  0:31  Drone x2  
  16  0:35  Drone  
  17  0:52  Hatchery  
  16  0:58  Drone  
  17  1:08  Spawning Pool  
  17  1:10  Drone  
  17  1:14  Drone  
  18  1:19  Drone  
  19  1:42  Overlord  
  19  1:50  Hatchery  
  18  1:56  Zergling x2  
  18  1:57  Queen  
  18  1:59  Zergling x2  
  22  2:07  Drone x2  
  24  2:14  Queen  
  26  2:18  Drone  
  26  2:20  Drone  
  28  2:25  Drone  
  28  2:29  Drone  
  30  2:36  Queen  
  32  2:38  Overlord  
  32  2:45  Drone x2  
  34  2:54  Overlord  
  34  2:56  Drone  
  35  3:07  Drone x2  
  35  3:09  Queen  
  35  3:12  Extractor  
  36  3:13  Extractor  
  36  3:14  Drone  
  36  3:15  Drone x4  
  40  3:21  Drone x2  
  40  3:23  Drone x2  
  40  3:24  Drone  
  45  3:29  Drone  
  45  3:30  Drone  
  47  3:34  Overlord  
  47  3:39  Zergling x4  
  49  3:47  Overlord  
  49  3:51  Drone  
  49  3:52  Overlord x2  
  49  3:54  Drone x4  
  54  3:58  Drone x3  
  57  4:11  Lair  
  57  4:12  Drone x3  
  57  4:15  Roach Warren  
  59  4:18  Overlord  
  59  4:20  Zergling x6  
  59  4:23  Zergling x4  
  64  4:25  Metabolic Boost  
  64  4:28  Zergling x4  
  60  4:43  Drone x5  
  64  4:47  Drone x2  
  64  4:48  Drone  
  64  4:51  Drone x2  
  68  4:54  Drone, Extractor x2  
  68  4:59  Queen  
  67  5:04  Overlord  
  69  5:10  Drone, Hydralisk Den  
  69  5:11  Drone x2  
  71  5:17  Roach  
  71  5:18  Roach  
  75  5:26  Drone  
  75  5:27  Drone x3  
  79  5:29  Drone x3  
  79  5:32  Overlord  
  79  5:34  Extractor  
  79  5:35  Overlord x2, Extractor  
  80  5:43  Hydralisk x5  
  80  5:46  Overlord  
  90  5:52  Spore Crawler  
  89  5:58  Lurker Den  
  89  6:02  Hydralisk  
  89  6:03  Hydralisk x3  
  97  6:05  Drone x5  
  102  6:14  Drone x5  
  107  6:21  Hatchery  
  107  6:24  Drone x3  
  109  6:27  Overseer  
  109  6:32  Infestation Pit  
  108  6:34  Evolution Chamber x2  
  108  6:36  Overlord, Hydralisk x3  
  108  6:37  Hydralisk x2  
  116  6:43  Overlord x2  
  115  6:54  Zergling x16  
  115  6:56  Ravager  
  115  6:57  Ravager  
  115  7:00  Overseer  
  125  7:02  Zerg Ground Armor Level 1, Zerg Melee Weapons Level 1  
  125  7:03  Zergling x2  
  125  7:04  Overlord, Zergling x6  
  125  7:06  Overlord  
  129  7:16  Roach x2  
  120  7:33  Roach x8  
  112  7:38  Roach  
  112  7:39  Roach x5  
  110  7:45  Roach  
  110  7:50  Ravager  
  110  7:51  Ravager  
  114  7:52  Roach x3  
  114  7:57  Roach x2  
  120  8:04  Roach x2  
  114  8:09  Roach x3  
  104  8:13  Drone x2  
  104  8:14  Drone x6  
  109  8:20  Hydralisk x4  
  109  8:21  Hydralisk  
  109  8:25  Hydralisk  
  105  8:31  Hydralisk x3  
  102  8:35  Hydralisk  
  102  8:38  Hydralisk  
  92  8:53  Zergling x2  
  92  8:54  Zergling x10  
  96  9:01  Roach x2  
  92  9:07  Roach x3  
  89  9:13  Drone x3  
  87  9:18  Drone  
  88  9:25  Lurker x2  
  88  9:26  Lurker  
  88  9:28  Drone x4  
  95  9:31  Drone  
  95  9:36  Drone x2  
  98  9:49  Lurker  
  98  9:52  Drone x5  
  104  9:53  Drone  
  104  9:59  Drone x2  
  107  10:06  Drone x2  
  109  10:07  Queen x2  
  112  10:17  Drone x7  
  113  10:29  Drone x4  
  113  10:30  Drone x3  
  98  11:13  Hydralisk x10  
  118  11:24  Lurker x3  
Show
View Real Time Build Order
Export as new Build Order

MinChul Protoss - Winner!

Build Orders: Nexus First 

Get SALT Encoding   

  12  0:00  Probe (Chrono Boost)  
  13  0:11  Probe (Chrono Boost)  
  14  0:18  Pylon  
  14  0:22  Probe (Chrono Boost)  
  15  0:37  Probe (Chrono Boost)  
  16  0:47  Probe (Chrono Boost)  
  17  1:03  Nexus  
  17  1:05  Probe (Chrono Boost)  
  18  1:16  Probe (Chrono Boost)  
  18  1:17  Gateway  
  19  1:25  Assimilator  
  19  1:26  Probe (Chrono Boost)  
  19  1:31  Assimilator  
  20  1:37  Probe (Chrono Boost)  
  21  1:44  Gateway  
  21  1:47  Probe (Chrono Boost)  
  22  1:58  Probe (Chrono Boost)  
  23  2:05  Cybernetics Core  
  23  2:12  Pylon  
  24  2:15  Probe (Chrono Boost)  
  24  2:16  Probe (Chrono Boost)  
  25  2:26  Probe (Chrono Boost)  
  25  2:27  Probe (Chrono Boost)  
  27  2:36  Probe (Chrono Boost)  
  28  2:37  Probe (Chrono Boost)  
  28  2:41  Stalker x2 (Chrono Boost)  
  28  2:43  Warp Gate  
  33  2:47  Probe  
  35  2:53  Mothership Core  
  36  3:04  Probe  
  37  3:14  Probe  
  37  3:16  Stalker x2 (Chrono Boost)  
  37  3:19  Probe  
  43  3:26  Probe  
  44  3:31  Probe, Pylon  
  45  3:38  Probe (Chrono Boost)  
  45  3:39  Pylon  
  46  3:43  Pylon  
  46  3:49  Sentry x2 (Chrono Boost), Probe (Chrono Boost)  
  46  3:50  Probe (Chrono Boost)  
  52  4:00  Probe (Chrono Boost)  
  52  4:01  Probe (Chrono Boost)  
  54  4:03  Nexus  
  54  4:10  Probe (Chrono Boost), Pylon  
  54  4:12  Probe (Chrono Boost)  
  54  4:16  Sentry  
  58  4:17  Sentry  
  58  4:21  Probe (Chrono Boost)  
  58  4:22  Probe (Chrono Boost)  
  62  4:45  Probe x2 (Chrono Boost)  
  64  4:50  Twilight Council  
  64  4:55  Pylon  
  64  4:56  Probe x2 (Chrono Boost)  
  64  4:57  Assimilator x2  
  66  5:00  Zealot x2  
  66  5:02  Twilight Council  
  66  5:04  Forge  
  66  5:06  Probe x2 (Chrono Boost)  
  72  5:11  Gateway  
  72  5:12  Gateway x2  
  72  5:14  Gateway  
  72  5:17  Probe x2 (Chrono Boost)  
  72  5:20  Resonating Glaives (Chrono Boost)  
  74  5:27  Robotics Facility  
  74  5:28  Probe (Chrono Boost)  
  74  5:30  Probe  
  74  5:34  Adept x2, Pylon  
  80  5:37  Probe  
  80  5:39  Probe  
  80  5:42  Probe  
  83  5:43  Pylon  
  83  5:45  Protoss Ground Weapons Level 1 (Chrono Boost)  
  83  5:46  Photon Cannon  
  83  5:51  Probe x2  
  83  5:54  Probe  
  83  5:55  Pylon x2  
  86  6:03  Adept x2  
  90  6:06  Assimilator x2  
  90  6:10  Probe  
  90  6:11  Probe x2  
  90  6:14  Warp Prism (Chrono Boost)  
  95  6:21  Robotics Bay  
  95  6:24  Robotics Facility  
  95  6:27  Probe x2  
  95  6:28  Probe  
  98  6:39  Probe  
  100  6:40  Probe x2  
  100  6:44  Adept x6  
  100  6:46  Observer (Chrono Boost)  
  114  6:48  Charge  
  114  6:54  Pylon  
  114  6:58  Pylon  
  114  7:05  Immortal (Chrono Boost)  
  118  7:11  Adept x5  
  118  7:12  Adept  
  130  7:26  Protoss Ground Weapons Level 2  
  120  7:33  Probe x3  
  115  7:40  Adept x6  
  115  7:42  Disruptor (Chrono Boost)  
  115  7:43  Disruptor (Chrono Boost)  
  129  7:52  Probe x2  
  131  8:02  Adept x6  
  123  8:15  Immortal x2 (Chrono Boost)  
  123  8:24  Adept x5  
  123  8:25  Adept  
  129  8:28  Probe x2  
  119  8:41  Nexus  
  119  8:43  Pylon  
  119  8:44  Pylon  
  123  8:49  Immortal x2 (Chrono Boost), Blink  
  123  8:57  Adept x3  
  123  8:58  Adept x2  
  123  8:59  Adept  
  117  9:12  Stalker  
  117  9:16  Gateway x2  
  117  9:20  Gateway  
  117  9:23  Templar Archives  
  109  9:24  Pylon  
  109  9:25  Dark Shrine, Disruptor x2 (Chrono Boost)  
  115  9:36  Stalker x2  
  115  9:37  Adept x2  
  115  9:38  Adept x2  
  127  9:42  Pylon  
  127  9:51  Probe x3  
  130  9:53  Probe  
  130  9:56  Assimilator  
  130  9:59  Gateway  
  133  10:00  Gateway, Observer x2 (Chrono Boost)  
  133  10:02  Assimilator  
  133  10:09  Stalker x4  
  141  10:15  Stalker x2  
  145  10:26  Adept x3  
  145  10:44  Adept  
  145  10:45  Adept x4  
  149  10:51  Stalker x4  
  149  10:54  Immortal x2 (Chrono Boost)  
  162  11:17  Zealot  
  162  11:18  Zealot x10  
  180  11:28  Immortal x2 (Chrono Boost)  
  184  11:46  Zealot x10  
  184  11:47  Zealot  
Tags
 
Add a new tag
Caveats
  • Supply blocks, unpowered buildings, or Contaminate may cause inaccurate times.
  • Supply counts are checked every 10 seconds.